TOP OF THE 1ST |
Salt Lake Bees batting - Pitching for Rochester Red Wings : RHP Dave Zerphey
|
Pitching: RHP Dave Zerphey
|
|
Batting: RHB Melvin Gomez
|
0-0: Ball 1-0: Ground out 6-3 (Groundball, 6, EV 82.5 MPH)
|
Batting: RHB Reginald McDougall
|
0-0: Ball 1-0: Ground out 6-3 (Groundball, 56, EV 108.1 MPH)
|
Batting: RHB Andres Mendiola
|
0-0: Swinging Strike 0-1: Foul Ball, location: 2F 0-2: Fly out, F7 (Line Drive, 7D, EV 90.6 MPH)
|
Top of the 1st over - 0 runs, 0 hits, 0 errors, 0 left on base; Salt Lake 0 - Rochester 0 |
BOTTOM OF THE 1ST |
Rochester Red Wings batting - Pitching for Salt Lake Bees : LHP Nick Yarbrough
|
Pitching: LHP Nick Yarbrough
|
|
Batting: RHB Josh Zoglmann
|
0-0: Called Strike 0-1: Ball 1-1: Fly out, F5 (Popup, 15, EV 77.5 MPH)
|
Batting: RHB Tony Rivera
|
0-0: Foul Ball, location: 2F 0-1: Ball 1-1: Ball 2-1: Fly out, F9 (Flyball, 9, EV 90.6 MPH)
|
Batting: LHB Matt Patnaude
|
0-0: Called Strike 0-1: Ball 1-1: Foul Ball, location: 2F 1-2: Foul Ball, location: 2F 1-2: Ground out 5-3 (Groundball, 6, EV 79.4 MPH)
|
Bottom of the 1st over - 0 runs, 0 hits, 0 errors, 0 left on base; Salt Lake 0 - Rochester 0 |
TOP OF THE 2ND |
Salt Lake Bees batting - Pitching for Rochester Red Wings : RHP Dave Zerphey
|
Batting: LHB Vinny Carreno
|
0-0: Ball 1-0: Ball 2-0: Ball 3-0: Called Strike 3-1: Called Strike 3-2: SINGLE (Groundball, 4S, EV 65.6 MPH) (infield hit)
|
Batting: RHB Bjoern Waltersson
|
0-0: Called Strike 0-1: Swinging Strike 0-2: Ball 1-2: Grounds into double play, 6-4-3 (Groundball, 6, EV 81.9 MPH)
|
Batting: RHB Guillermo Mojica
|
0-0: Ball 1-0: Ball 2-0: Called Strike 2-1: Swinging Strike 2-2: Ground out 6-3 (Groundball, 56, EV 111.2 MPH)
|
Top of the 2nd over - 0 runs, 1 hit, 0 errors, 0 left on base; Salt Lake 0 - Rochester 0 |
BOTTOM OF THE 2ND |
Rochester Red Wings batting - Pitching for Salt Lake Bees : LHP Nick Yarbrough
|
Batting: RHB Aaron Trotman
|
0-0: Swinging Strike 0-1: SINGLE (Groundball, 6MD, EV 100.6 MPH)
|
Batting: RHB Joe Zimmerman
|
0-0: Ball 1-0: Called Strike 1-1: Called Strike 1-2: Strikes out looking
|
Batting: RHB Eric Narrow
|
0-0: Fly out, F4 (Flyball, 34D, EV 91.9 MPH)
|
Batting: SHB Kamiel Akkerman
|
0-0: Ball Aaron Trotman steals 2nd base 1-0: Ball 2-0: Ball 3-0: Base on Balls
|
Batting: RHB Mario Taureda
|
0-0: Ground out 6-3 (Groundball, 6M, EV 89.4 MPH)
|
Bottom of the 2nd over - 0 runs, 1 hit, 0 errors, 2 left on base; Salt Lake 0 - Rochester 0 |
TOP OF THE 3RD |
Salt Lake Bees batting - Pitching for Rochester Red Wings : RHP Dave Zerphey
|
Batting: RHB Randy Grewe
|
0-0: Ball 1-0: Ball 2-0: Foul Ball, location: 2F 2-1: Ball 3-1: Base on Balls
|
Batting: SHB Ivan Barry
|
0-0: Called Strike 0-1: Foul Ball, location: 2F 0-2: Strikes out looking Randy Grewe steals 2nd base Batter strikes out.
|
Batting: RHB Justin Noll
|
0-0: Called Strike 0-1: Ball 1-1: Ball 2-1: Called Strike 2-2: Fly out, F9 (Flyball, 9, EV 87.5 MPH)
|
Batting: RHB Melvin Gomez
|
0-0: Swinging Strike 0-1: Ball 1-1: Foul Ball, location: 2F 1-2: Ground out U3 (Groundball, 34, EV 105.6 MPH)
|
Top of the 3rd over - 0 runs, 0 hits, 0 errors, 1 left on base; Salt Lake 0 - Rochester 0 |
BOTTOM OF THE 3RD |
Rochester Red Wings batting - Pitching for Salt Lake Bees : LHP Nick Yarbrough
|
Batting: RHB Alvin Wiederhold
|
0-0: SINGLE (Groundball, 4D, EV 101.9 MPH)
|
Batting: RHB Josh Zoglmann
|
0-0: Called Strike 0-1: Swinging Strike 0-2: Ball 1-2: Strikes out swinging
|
Batting: RHB Tony Rivera
|
0-0: Swinging Strike 0-1: Foul Ball, location: 2F 0-2: Foul Ball, location: 2F 0-2: Foul Ball, location: 2F 0-2: Ball 1-2: Ball Alvin Wiederhold is caught stealing 2nd base 2-4 2-2: Ball 3-2: Strikes out swinging
|
Bottom of the 3rd over - 0 runs, 1 hit, 0 errors, 0 left on base; Salt Lake 0 - Rochester 0 |
TOP OF THE 4TH |
Salt Lake Bees batting - Pitching for Rochester Red Wings : RHP Dave Zerphey
|
Batting: RHB Reginald McDougall
|
0-0: Swinging Strike 0-1: Called Strike 0-2: SINGLE (Groundball, 34D, EV 99.4 MPH)
|
Batting: RHB Andres Mendiola
|
0-0: Ball Reginald McDougall is caught stealing 2nd base 2-4 1-0: Ground out 1-3 (Groundball, 15S, EV 66.9 MPH)
|
Batting: LHB Vinny Carreno
|
0-0: Reached on error, E9 (Flyball, 89M, EV 91.9 MPH)
|
Pitching: RHP Isidro Aguirre
|
|
Batting: RHB Bjoern Waltersson
|
0-0: SINGLE (Groundball, 15S, EV 65.6 MPH) (infield hit) Vinny Carreno to third
|
Batting: RHB Guillermo Mojica
|
0-0: Called Strike 0-1: Foul Ball, location: 2F 0-2: Strikes out looking
|
Top of the 4th over - 0 runs, 2 hits, 1 error, 2 left on base; Salt Lake 0 - Rochester 0 |
BOTTOM OF THE 4TH |
Rochester Red Wings batting - Pitching for Salt Lake Bees : LHP Nick Yarbrough
|
Batting: LHB Matt Patnaude
|
0-0: Ground out 6-3 (Groundball, 4MD, EV 84.4 MPH)
|
Batting: RHB Aaron Trotman
|
0-0: Ball 1-0: Swinging Strike 1-1: Ball 2-1: Ball 3-1: Foul Ball, location: 2F 3-2: Base on Balls
|
Batting: RHB Joe Zimmerman
|
0-0: Swinging Strike 0-1: Ball 1-1: Foul Ball, location: 2F 1-2: Strikes out swinging
|
Batting: RHB Eric Narrow
|
0-0: Called Strike 0-1: Foul Ball, location: 2F 0-2: Foul Ball, location: 2F 0-2: Ball 1-2: Strikes out swinging
|
Bottom of the 4th over - 0 runs, 0 hits, 0 errors, 1 left on base; Salt Lake 0 - Rochester 0 |
TOP OF THE 5TH |
Salt Lake Bees batting - Pitching for Rochester Red Wings : RHP Isidro Aguirre
|
Batting: RHB Randy Grewe
|
0-0: Ball 1-0: Ground out 1-3 (Groundball, 13S, EV 73.1 MPH)
|
Batting: SHB Ivan Barry
|
0-0: Called Strike 0-1: Ball 1-1: Ball 2-1: Foul Ball, location: 2F 2-2: Foul Ball, location: 2F 2-2: Ground out 4-3 (Groundball, 4S, EV 75.6 MPH)
|
Batting: RHB Justin Noll
|
0-0: Called Strike 0-1: Ball 1-1: Called Strike 1-2: Ball 2-2: Ball 3-2: SINGLE (Groundball, 6MD, EV 96.2 MPH)
|
Batting: RHB Melvin Gomez
|
0-0: Foul Ball, location: 2F 0-1: Ball 1-1: Swinging Strike 1-2: Ball 2-2: SINGLE (Groundball, P, EV 86.9 MPH) (infield hit) Justin Noll to second
|
Batting: RHB Reginald McDougall
|
0-0: Called Strike 0-1: Ball 1-1: Foul Ball, location: 2F 1-2: Foul Ball, location: 2F 1-2: Foul Ball, location: 2F 1-2: Strikes out swinging
|
Top of the 5th over - 0 runs, 2 hits, 0 errors, 2 left on base; Salt Lake 0 - Rochester 0 |
BOTTOM OF THE 5TH |
Rochester Red Wings batting - Pitching for Salt Lake Bees : LHP Nick Yarbrough
|
Batting: SHB Kamiel Akkerman
|
0-0: Called Strike 0-1: Foul Ball, location: 2F 0-2: Ball 1-2: SINGLE (Groundball, 6D, EV 98.1 MPH)
|
Batting: RHB Mario Taureda
|
0-0: Called Strike 0-1: Called Strike 0-2: Ball 1-2: Ball 2-2: Foul Ball, location: 2F 2-2: Ball 3-2: Base on Balls Kamiel Akkerman to second
|
Batting: RHB Alvin Wiederhold
|
0-0: Foul Ball, location: 2F 0-1: Ball 1-1: Swinging Strike 1-2: Foul Ball, location: 2F 1-2: Ball 2-2: Fielders Choice at 2nd, 6-4 (Groundball, 6, EV 80.0 MPH) Kamiel Akkerman to third
|
Batting: RHB Josh Zoglmann
|
0-0: Ball 1-0: Called Strike 1-1: Foul Ball, location: 2F 1-2: SINGLE (Line Drive, 6M, EV 105.0 MPH) Kamiel Akkerman scores Alvin Wiederhold to second
|
Batting: RHB Tony Rivera
|
0-0: Ball Passed Ball! Alvin Wiederhold to third Josh Zoglmann to second 1-0: Fly out, F9 (Flyball, 89M, EV 82.5 MPH)
|
Batting: LHB Matt Patnaude
|
0-0: Ball 1-0: Called Strike 1-1: Foul Ball, location: 2F 1-2: Ball 2-2: Strikes out looking
|
Bottom of the 5th over - 1 run, 2 hits, 0 errors, 2 left on base; Salt Lake 0 - Rochester 1 |
TOP OF THE 6TH |
Salt Lake Bees batting - Pitching for Rochester Red Wings : RHP Isidro Aguirre
|
Batting: RHB Andres Mendiola
|
0-0: Ball 1-0: Foul Ball, location: 2F 1-1: Ground out 6-3 (Groundball, 6, EV 100.0 MPH)
|
Batting: LHB Vinny Carreno
|
0-0: Called Strike 0-1: Ball 1-1: Swinging Strike 1-2: Foul Ball, location: 2F 1-2: Ball 2-2: Strikes out looking
|
Batting: RHB Bjoern Waltersson
|
0-0: Called Strike 0-1: Ball 1-1: Ground out 5-3 (Groundball, 5, EV 103.8 MPH)
|
Top of the 6th over - 0 runs, 0 hits, 0 errors, 0 left on base; Salt Lake 0 - Rochester 1 |
BOTTOM OF THE 6TH |
Rochester Red Wings batting - Pitching for Salt Lake Bees : LHP Nick Yarbrough
|
Batting: RHB Aaron Trotman
|
0-0: Called Strike 0-1: Fly out, F8 (Flyball, 8LM, EV 91.2 MPH)
|
Batting: RHB Joe Zimmerman
|
0-0: Foul Ball, location: 2F 0-1: Called Strike 0-2: Ball 1-2: Strikes out swinging
|
Batting: RHB Eric Narrow
|
0-0: Called Strike 0-1: Fly out, F8 (Flyball, 8LD, EV 98.1 MPH)
|
Bottom of the 6th over - 0 runs, 0 hits, 0 errors, 0 left on base; Salt Lake 0 - Rochester 1 |
TOP OF THE 7TH |
Salt Lake Bees batting - Pitching for Rochester Red Wings : RHP Isidro Aguirre
|
Pitching: RHP Juan Gomez
|
|
Batting: RHB Guillermo Mojica
|
0-0: Ball 1-0: Foul Ball, location: 2F 1-1: Foul Ball, location: 2F 1-2: Foul Ball, location: 2F 1-2: Ball 2-2: Foul Ball, location: 2F 2-2: Ball 3-2: Base on Balls
|
Batting: RHB Randy Grewe
|
0-0: Sac Bunt to 2R - play at first, batter OUT! 2-4 Guillermo Mojica to second
|
Batting: SHB Ivan Barry
|
0-0: Swinging Strike 0-1: Foul Ball, location: 2F 0-2: Ball 1-2: Strikes out swinging
|
Batting: RHB Justin Noll
|
0-0: Called Strike 0-1: Swinging Strike 0-2: Ball 1-2: Ball 2-2: Ball 3-2: Base on Balls
|
Batting: RHB Melvin Gomez
|
0-0: Ball 1-0: Ball 2-0: Foul Ball, location: 2F 2-1: Fielders Choice at 2nd, U6 (Groundball, 4MD, EV 99.4 MPH)
|
Top of the 7th over - 0 runs, 0 hits, 0 errors, 2 left on base; Salt Lake 0 - Rochester 1 |
BOTTOM OF THE 7TH |
Rochester Red Wings batting - Pitching for Salt Lake Bees : LHP Nick Yarbrough
|
Batting: SHB Kamiel Akkerman
|
0-0: Ball 1-0: Foul Ball, location: 2F 1-1: SINGLE (Groundball, 34, EV 108.1 MPH)
|
Batting: RHB Mario Taureda
|
0-0: Called Strike 0-1: Foul Ball, location: 2F 0-2: Ball 1-2: Ball 2-2: Strikes out swinging
|
Pitching: RHP Bartholomeu Voivodic
|
|
Batting: RHB Alvin Wiederhold
|
0-0: Called Strike 0-1: SINGLE (Groundball, 6MD, EV 95.0 MPH) Kamiel Akkerman to second
|
Batting: RHB Josh Zoglmann
|
0-0: Called Strike 0-1: DOUBLE (Line Drive, 9LS, EV 105.6 MPH) Kamiel Akkerman scores Alvin Wiederhold to third
|
Batting: RHB Tony Rivera
|
0-0: Called Strike 0-1: Fly out, F9 (Flyball, 9, EV 85.6 MPH) Runner from 3rd tags up, OUT at HOME! 9-2
|
Bottom of the 7th over - 1 run, 3 hits, 0 errors, 1 left on base; Salt Lake 0 - Rochester 2 |
TOP OF THE 8TH |
Salt Lake Bees batting - Pitching for Rochester Red Wings : RHP Juan Gomez
|
Pitching: LHP Pete Zamarron
|
|
Batting: RHB Reginald McDougall
|
0-0: Ball 1-0: Ground out 4-3 (Groundball, 34, EV 90.0 MPH)
|
Batting: RHB Andres Mendiola
|
0-0: SINGLE (Groundball, 34D, EV 95.0 MPH)
|
Batting: LHB Vinny Carreno
|
0-0: Foul Ball, location: 2F 0-1: Ball 1-1: Foul Ball, location: 2F 1-2: Reached on error, E5 (Groundball, 56, EV 100.6 MPH) Andres Mendiola to second
|
Pitching: RHP Tomas Vargas
|
|
Batting: RHB Bjoern Waltersson
|
0-0: Fly out, F9 (Line Drive, 9D, EV 100.6 MPH) Runner from 2nd tags up, SAFE at 3rd, no throw by RF
|
Batting: RHB Guillermo Mojica
|
0-0: Ball 1-0: Foul Ball, location: 2F 1-1: Ball 2-1: Ball 3-1: Called Strike 3-2: Ground out 4-3 (Groundball, 4, EV 91.9 MPH)
|
Top of the 8th over - 0 runs, 1 hit, 1 error, 2 left on base; Salt Lake 0 - Rochester 2 |
BOTTOM OF THE 8TH |
Rochester Red Wings batting - Pitching for Salt Lake Bees : RHP Bartholomeu Voivodic
|
Batting: LHB Matt Patnaude
|
0-0: Ball 1-0: Fly out, F5 (Popup, 6, EV 56.9 MPH)
|
Batting: RHB Aaron Trotman
|
0-0: Ball 1-0: SINGLE (Groundball, 56S, EV 65.0 MPH) (infield hit)
|
Batting: RHB Joe Zimmerman
|
0-0: Foul Ball, location: 2F 0-1: Ball 1-1: Foul Ball, location: 2F 1-2: Strikes out swinging
|
Batting: RHB Eric Narrow
|
0-0: Ball 1-0: Ball Aaron Trotman steals 2nd base 2-0: Ground out 6-3 (Groundball, 6, EV 100.0 MPH)
|
Bottom of the 8th over - 0 runs, 1 hit, 0 errors, 1 left on base; Salt Lake 0 - Rochester 2 |
TOP OF THE 9TH |
Salt Lake Bees batting - Pitching for Rochester Red Wings : RHP Tomas Vargas
|
Pitching: LHP Adam Mallow
|
|
Batting: RHB Randy Grewe
|
0-0: Fly out, F7 (Flyball, 78D, EV 86.2 MPH)
|
Batting: SHB Ivan Barry
|
0-0: Called Strike 0-1: Foul Ball, location: 2F 0-2: Strikes out looking
|
Batting: RHB Justin Noll
|
0-0: Ball 1-0: Ball 2-0: Foul Ball, location: 2F 2-1: Foul Ball, location: 2F 2-2: Ground out U3 (Groundball, 34S, EV 86.2 MPH)
|
Top of the 9th over - 0 runs, 0 hits, 0 errors, 0 left on base; Salt Lake 0 - Rochester 2 |
|